AoeStats
← veysipak

Arena

510396055Analyzed
2v2 RM · 15h ago on Sep 30, 2026· 48m 46s· 4 players
Game mode
Random Map
Map size
Medium (4 player)
Population
200
Speed
Normal
Resources
Standard
Victory
Conquest
Starting age
Dark Age
Ending age
Imperial Age
RankedLock teamsTeams togetherTeam positionsShared explorationLock speedFull tech treeHidden civsTurbo modeCheats
Victory
Defeat
🇩🇰 Saxons · Denmark
1170
+13
🇩🇰 Britons · Denmark
1140
+13
🇵🇪 Cumans · Peru
1097
-13
🇹🇷 Magyars · Türkiye
1087
-13
veysipak
10:24 Feudal Age
15:57 Castle Age
14:47 Double-Bit Axe
15:15 Loom
15:13 Horse Collar
27:50 Wheelbarrow
32:46 Imperial Age
35:00 Fletching
36:51 Bodkin Arrow
36:38 Light Cavalry
37:29 Bloodlines
47:18 Scale Barding Armor
RafaelKubo
9:36 Feudal Age
10:08 Double-Bit Axe
10:53 Loom
13:10 Scale Mail Armor
22:30 Fletching
26:11 Wheelbarrow
25:22 Town Watch
30:01 Castle Age
28:44 Gold Mining
28:49 Stone Mining
28:56 Horse Collar
30:58 Bloodlines
30:26 Crossbowman
31:15 Capped Ram
32:12 Scale Barding Armor
32:59 Forging
34:00 Heavy Plow
35:16 Chain Barding Armor
37:05 Iron Casting
36:26 Bodkin Arrow
36:59 Light Cavalry
39:30 Thumb Ring
41:46 Padded Archer Armor
42:04 Hand Cart
41:49 Town Patrol
45:51 Imperial Age
43:52 Elite Skirmisher
47:42 Leather Archer Armor
48:41 Bow Saw
skepticart
10:37 Feudal Age
11:08 Double-Bit Axe
11:32 Man-at-Arms
16:02 Castle Age
14:24 Loom
16:01 Scale Mail Armor
18:46 Stone Mining
28:14 Bow Saw
29:17 Fletching
29:48 Gold Mining
31:25 Padded Archer Armor
33:59 Bodkin Arrow
36:28 Ballistics
36:58 Gold Shaft Mining
39:45 Yeomen
43:25 Imperial Age
41:28 Leather Archer Armor
40:39 Pikeman
42:47 Fortified Wall
42:46 Scale Mail Armor
42:56 Forging
46:00 Chemistry
45:03 Bracer
46:43 Chain Mail Armor
46:10 Halberdier
Cabeceo_e
10:46 Feudal Age
14:52 Castle Age
13:41 Stone Mining
13:38 Double-Bit Axe
14:42 Horse Collar
17:47 Loom
18:20 Fletching
20:15 Bow Saw
20:32 Scale Mail Armor
22:47 Chain Mail Armor
23:20 Forging
27:00 Murder Holes
29:24 Iron Casting
30:41 Gold Mining
39:57 Imperial Age
39:53 Wheelbarrow
42:17 Conscription
41:20 Shield Wall
43:20 Plate Mail Armor
43:19 Squires
43:04 Gambesons
43:07 Arson
44:24 Bodkin Arrow
45:40 Bracer
47:13 Chemistry
47:26 Padded Archer Armor
47:48 Masonry
49:00 Hand Cart
48:31 Town Watch
Connection lost

Rejoining the realm…

Still unreachable

The connection could not be restored.

Session expired

The server has moved on; the page needs a fresh start.